AoeStats
← Timur

Black Forest

509451666Analyzed
2v2 RM · 5d ago on Sep 26, 2026· 50m 8s· 4 players
Game mode
Random Map
Map size
Medium (4 player)
Population
200
Speed
Normal
Resources
Standard
Victory
Conquest
Starting age
Dark Age
Ending age
Imperial Age
RankedLock teamsTeams togetherTeam positionsShared explorationLock speedFull tech treeHidden civsTurbo modeCheats
Victory
Defeat
🇦🇷 Varangians · Argentina
886
+13
🇦🇷 Byzantines · Argentina
853
+15
🇲🇽 Aztecs · Mexico
863
-16
🇹🇷 Huns · Türkiye
783
-12
Maka
13:37 Feudal Age
18:54 Castle Age
16:52 Double-Bit Axe
17:33 Horse Collar
20:39 Heavy Plow
20:55 Bow Saw
23:27 Stone Mining
25:59 Wheelbarrow
27:37 Hand Cart
27:08 Loom
32:55 Imperial Age
30:17 Town Watch
31:13 Stone Shaft Mining
30:36 Gold Mining
31:48 Squires
31:10 Pikeman
33:41 Forging
33:21 Fletching
33:34 Scale Mail Armor
33:53 Town Patrol
34:20 Garland Wars
34:21 Conscription
35:58 Ballistics
36:38 Chemistry
36:20 Iron Casting
36:02 Chain Mail Armor
36:34 Fletching
36:45 Padded Archer Armor
42:28 Bodkin Arrow
43:36 Blast Furnace
43:06 Plate Mail Armor
42:44 Capped Ram
43:16 Eagle Warrior
43:43 Arson
43:45 Gambesons
44:18 Elite Eagle Warrior
Timur
14:10 Feudal Age
14:47 Double-Bit Axe
14:47 Horse Collar
17:14 Wheelbarrow
22:42 Castle Age
23:53 Heavy Plow
24:13 Bow Saw
24:16 Scale Barding Armor
24:23 Forging
27:37 Hand Cart
28:04 Iron Casting
30:16 Chain Barding Armor
33:40 Pikeman
38:24 Imperial Age
Nanabia
2:22 Loom
13:12 Feudal Age
17:39 Castle Age
16:55 Double-Bit Axe
16:51 Horse Collar
25:56 Heavy Plow
26:12 Gold Mining
29:15 Wheelbarrow
28:29 Town Watch
29:01 Bow Saw
34:12 Imperial Age
32:07 Fletching
32:18 Padded Archer Armor
32:40 Ballistics
33:37 Hand Cart
33:35 Scale Barding Armor
34:11 Bodkin Arrow
34:37 Caravan
36:21 Two-Man Saw
35:53 Crop Rotation
35:29 Husbandry
35:43 Bloodlines
36:47 Chain Barding Armor
37:33 Chemistry
38:03 Conscription
38:00 Forging
38:11 Town Patrol
38:05 Stone Mining
38:14 Cranequins
39:39 Plate Barding Armor
39:23 Murder Holes
40:19 Gothikon
40:22 Vendel Legacy
40:24 Elite Jarl
42:15 Bracer
42:32 Leather Archer Armor
41:40 Heavy Mounted Crossbowman
43:52 Iron Casting
43:49 Ring Archer Armor
43:34 Siege Engineers
45:40 Blast Furnace
44:44 Scale Mail Armor
FRIGZ
2:25 Loom
14:48 Feudal Age
19:04 Castle Age
17:13 Double-Bit Axe
18:44 Horse Collar
24:06 Wheelbarrow
27:25 Bow Saw
28:44 Forging
30:46 Iron Casting
30:57 Scale Barding Armor
36:00 Imperial Age
34:54 Chain Barding Armor
35:36 Husbandry
35:21 Pikeman
36:56 Squires
38:08 Two-Man Saw
39:03 Fletching
39:14 Padded Archer Armor
41:00 Hand Cart
42:23 Plate Barding Armor
44:18 Crossbowman
45:04 Thumb Ring
45:43 Logistica
45:43 Arbalester
47:26 Bodkin Arrow
47:31 Padded Archer Armor
48:11 Gold Mining
48:48 Conscription
50:01 Ballistics
50:41 Chemistry
49:22 Treadmill Crane
49:38 Murder Holes
50:47 Bracer
51:02 Leather Archer Armor
Connection lost

Rejoining the realm…

Still unreachable

The connection could not be restored.

Session expired

The server has moved on; the page needs a fresh start.